General information
- name: BNet
- type: Ladder team game (AT/RT)
- host: Battle.net
- saver: SHlTGAMES
map: DragonFalls
- players: 8
- length: 40:49
- speed: Fast
- version: 1.26 W3XP
- replay type: Public
» download(230 KB)
Players
team 1 (loser)

»
lannie (
red | 31 APM | 995 actions | 31:46)
5 Keeper of the Grove
3 Entangling Roots
2 Thorns Aura
3 Priestess of the Moon
2 Trueshot Aura
1 Searing Arrows
» actions
| Assign group hotkey | 18 | |
| Basic commands | 11 | |
| Build / train | 80 | |
| Enter build submenu | 19 | |
| Enter hero's abilities submenu | 8 | |
| Right click | 303 | |
| Select / deselect | 239 | |
| Select group hotkey | 218 | |
| Use ability | 99 | |
995 total
» units
| Wisp | 19 | |
| Archer | 24 | |
| Druid of the Talon | 9 | |
| Chimaera | 4 | |
56 total
» upgrades
| Well Spring | 1 | |
| Strength of the Moon | 1 | |
| Improved Bows | 1 | |
| Marksmanship | 1 | |
| Druid of the Talon Training | 1 | |
| Corrosive Breath | 1 | |
| Strength of the Wild | 1 | |
| Reinforced Hides | 1 | |
8 total
» buildings
| Altar of Elders | 1 | |
| Moon Well | 8 | |
| Ancient of War | 1 | |
| Ancient of Wonders | 1 | |
| Tree of Ages | 1 | |
| Hunter's Hall | 1 | |
| Tree of Eternity | 1 | |
| Ancient of Wind | 1 | |
| Tree of Life | 2 | |
| Chimaera Roost | 2 | |
19 total
» build order
00:14 Altar of Elders
00:20 Moon Well
01:17 Ancient of War
01:39 Moon Well
01:50 Ancient of Wonders
02:06 Moon Well
03:42 Tree of Ages
04:49 Moon Well
04:51 Moon Well
04:54 Moon Well
05:07 Hunter's Hall
07:14 Tree of Eternity
07:19 Ancient of Wind
11:35 Tree of Life
13:44 Chimaera Roost
13:48 Chimaera Roost
15:55 Tree of Life
22:14 Moon Well
22:16 Moon Well
» items
| Potion of Healing | 3 | |
| Lesser Clarity Potion | 1 | |
4 total
ShreddedBrah (
orange | 40 APM | 1626 actions | 40:48)
5 Death Knight
3 Death Coil
2 Unholy Aura
» actions
| Assign group hotkey | 7 | |
| Basic commands | 176 | |
| Build / train | 32 | |
| Enter build submenu | 11 | |
| Enter hero's abilities submenu | 5 | |
| Right click | 587 | |
| Select / deselect | 633 | |
| Select group hotkey | 138 | |
| Use ability | 32 | |
1626 total
» units
| Acolyte | 2 | |
| Ghoul | 5 | |
| Frost Wyrm | 5 | |
| Goblin Zeppelin | 1 | |
13 total
» upgrades
| Creature Attack | 3 | |
| Creature Carapace | 1 | |
4 total
» buildings
| Crypt | 1 | |
| Ziggurat | 8 | |
| Altar of Darkness | 1 | |
| Nerubian Tower | 5 | |
| Tomb of Relics | 1 | |
| Halls of the Dead | 1 | |
| Black Citadel | 1 | |
| Sacrificial Pit | 1 | |
| Boneyard | 2 | |
| Graveyard | 1 | |
22 total
» build order
00:31 Crypt
00:37 Ziggurat
00:40 Ziggurat
01:07 Altar of Darkness
01:34 Nerubian Tower
01:35 Nerubian Tower
02:33 Tomb of Relics
03:12 Halls of the Dead
05:40 Black Citadel
06:52 Sacrificial Pit
07:04 Ziggurat
07:08 Ziggurat
07:09 Ziggurat
07:11 Ziggurat
07:12 Ziggurat
07:14 Ziggurat
08:14 Boneyard
08:16 Boneyard
08:22 Nerubian Tower
08:23 Nerubian Tower
08:24 Nerubian Tower
08:52 Graveyard
» items
UrloNegro (
blue | 61 APM | 2502 actions | 40:48)
7 Blood Mage
3 Flame Strike
2 Siphon Mana
1 Summon Phoenix
1 Banish
» actions
| Assign group hotkey | 418 | |
| Basic commands | 78 | |
| Build / train | 71 | |
| Enter build submenu | 40 | |
| Enter hero's abilities submenu | 7 | |
| Give item / drop item | 3 | |
| Right click | 1188 | |
| Select / deselect | 374 | |
| Select group hotkey | 183 | |
| Use ability | 140 | |
2502 total
» units
| Peasant | 12 | |
| Footman | 6 | |
| Goblin Shredder | 1 | |
| Goblin Zeppelin | 1 | |
| Sorceress | 2 | |
| Green Dragon | 4 | |
| Goblin Sapper | 3 | |
29 total
» upgrades
| Lumber Harvesting | 1 | |
| Masonry | 2 | |
| Sorceress Training | 1 | |
| Magic Sentry | 1 | |
5 total
» buildings
| Altar of Kings | 1 | |
| Barracks | 1 | |
| Farm | 7 | |
| Arcane Vault | 2 | |
| Keep | 1 | |
| Town Hall | 4 | |
| Lumber Mill | 1 | |
| Scout Tower | 40 | |
| Arcane Sanctum | 1 | |
| Guard Tower | 9 | |
| Arcane Tower | 2 | |
| Castle | 1 | |
70 total
» build order
00:44 Altar of Kings
00:46 Barracks
00:55 Farm
00:57 Farm
01:10 Farm
02:16 Farm
02:47 Arcane Vault
04:02 Keep
04:32 Town Hall
05:09 Lumber Mill
06:19 Scout Tower
06:19 Scout Tower
06:22 Scout Tower
06:57 Arcane Sanctum
07:02 Guard Tower
07:07 Scout Tower
07:23 Scout Tower
07:25 Scout Tower
07:26 Scout Tower
07:27 Scout Tower
07:28 Scout Tower
07:30 Scout Tower
07:32 Scout Tower
08:25 Guard Tower
08:45 Guard Tower
09:22 Guard Tower
10:32 Farm
10:36 Farm
12:22 Arcane Tower
13:40 Scout Tower
13:41 Scout Tower
13:42 Scout Tower
13:43 Scout Tower
13:43 Scout Tower
13:44 Scout Tower
13:44 Scout Tower
13:45 Scout Tower
13:46 Scout Tower
13:46 Scout Tower
13:52 Arcane Tower
15:03 Farm
15:19 Guard Tower
15:57 Castle
18:43 Scout Tower
18:44 Scout Tower
18:44 Scout Tower
18:45 Scout Tower
18:45 Scout Tower
18:57 Town Hall
19:04 Arcane Vault
19:07 Scout Tower
19:07 Scout Tower
19:07 Scout Tower
19:08 Scout Tower
19:09 Scout Tower
19:10 Scout Tower
19:10 Scout Tower
19:11 Scout Tower
19:11 Scout Tower
19:22 Scout Tower
19:23 Scout Tower
19:23 Scout Tower
20:22 Guard Tower
20:24 Guard Tower
21:54 Guard Tower
22:46 Guard Tower
27:05 Town Hall
29:35 Town Hall
» items
| Scroll of Regeneration | 4 | |
| Boots of Speed | 1 | |
| Potion of Healing | 3 | |
| Potion of Mana | 3 | |
| Lesser Clarity Potion | 3 | |
| Potion of Invisibility | 1 | |
| Staff of Teleportation | 1 | |
16 total
cYDRA.D (
teal | 54 APM | 1762 actions | 32:33)
4 Blademaster
2 Wind Walk
2 Critical Strike
3 Shadow Hunter
1 Hex
2 Healing Wave
» actions
| Assign group hotkey | 36 | |
| Basic commands | 55 | |
| Build / train | 85 | |
| Enter build submenu | 17 | |
| Enter hero's abilities submenu | 8 | |
| Give item / drop item | 5 | |
| Right click | 651 | |
| Select / deselect | 212 | |
| Select group hotkey | 600 | |
| Use ability | 93 | |
1762 total
» units
| Peon | 11 | |
| Grunt | 4 | |
| Goblin Shredder | 1 | |
| Wind Rider | 7 | |
| Shaman | 10 | |
| Troll Witch Doctor | 7 | |
40 total
» upgrades
| Ranged Weapons | 4 | |
| Armor | 3 | |
| Envenomed Spears | 1 | |
| Reinforced Defenses | 1 | |
| Shaman Training | 2 | |
| Witch Doctor Training | 2 | |
13 total
» buildings
| Altar of Storms | 1 | |
| Orc Burrow | 7 | |
| Barracks | 1 | |
| Voodoo Lounge | 1 | |
| Stronghold | 1 | |
| Great Hall | 1 | |
| Beastiary | 3 | |
| War Mill | 2 | |
| Fortress | 1 | |
| Watch Tower | 14 | |
| Spirit Lodge | 1 | |
33 total
» build order
00:11 Altar of Storms
00:19 Orc Burrow
00:39 Barracks
01:32 Orc Burrow
01:55 Voodoo Lounge
02:53 Stronghold
03:37 Orc Burrow
04:13 Great Hall
06:20 Beastiary
06:22 Beastiary
07:29 War Mill
07:52 Fortress
08:48 Watch Tower
08:48 Watch Tower
08:48 Watch Tower
08:49 Watch Tower
08:50 Watch Tower
11:30 War Mill
11:39 Orc Burrow
11:39 Orc Burrow
11:42 Beastiary
11:44 Spirit Lodge
12:53 Watch Tower
12:53 Watch Tower
12:53 Watch Tower
12:54 Watch Tower
12:54 Watch Tower
12:54 Watch Tower
12:55 Watch Tower
12:55 Watch Tower
12:56 Watch Tower
17:02 Orc Burrow
17:03 Orc Burrow
» items
| Healing Salve | 5 | |
| Lesser Clarity Potion | 2 | |
| Scroll of Town Portal | 1 | |
| Orb of Lightning | 1 | |
| Potion of Mana | 2 | |
| Staff of Teleportation | 1 | |
| Potion of Lesser Invulnerability | 1 | |
13 total
team 2 (winner)

»
XEXOZ (
yellow | 60 APM | 887 actions | 14:40)
4 Demon Hunter
2 Mana Burn
2 Evasion
» actions
| Assign group hotkey | 63 | |
| Basic commands | 23 | |
| Build / train | 49 | |
| ESC pressed | 3 | |
| Enter build submenu | 18 | |
| Enter hero's abilities submenu | 4 | |
| Give item / drop item | 1 | |
| Right click | 293 | |
| Select / deselect | 189 | |
| Select group hotkey | 171 | |
| Use ability | 73 | |
887 total
» units
| Wisp | 21 | |
| Druid of the Claw | 13 | |
34 total
» upgrades
| Druid of the Claw Training | 2 | |
| Mark of the Claw | 1 | |
| Strength of the Wild | 1 | |
4 total
» buildings
| Altar of Elders | 1 | |
| Moon Well | 11 | |
| Tree of Ages | 1 | |
| Hunter's Hall | 1 | |
| Tree of Eternity | 1 | |
| Ancient of Lore | 3 | |
| Ancient of Wonders | 1 | |
| Tree of Life | 1 | |
20 total
» build order
00:07 Altar of Elders
00:20 Moon Well
01:56 Tree of Ages
02:12 Moon Well
02:24 Hunter's Hall
02:29 Moon Well
03:28 Moon Well
03:38 Moon Well
04:18 Tree of Eternity
04:47 Ancient of Lore
04:55 Ancient of Lore
05:14 Ancient of Wonders
08:24 Tree of Life
10:36 Ancient of Lore
10:38 Moon Well
10:40 Moon Well
12:28 Moon Well
12:31 Moon Well
12:34 Moon Well
12:49 Moon Well
» items
| Scroll of Town Portal | 1 | |
| Orb of Venom | 1 | |
| Potion of Healing | 1 | |
| Scroll of Regeneration | 1 | |
4 total
skafil (
green | 57 APM | 889 actions | 15:30)
4 Blood Mage
2 Flame Strike
2 Siphon Mana
» actions
| Assign group hotkey | 25 | |
| Basic commands | 70 | |
| Build / train | 58 | |
| ESC pressed | 2 | |
| Enter build submenu | 17 | |
| Enter hero's abilities submenu | 4 | |
| Remove unit from queue | 1 | |
| Right click | 333 | |
| Select / deselect | 244 | |
| Select group hotkey | 100 | |
| Use ability | 35 | |
889 total
» units
| Peasant | 16 | |
| Rifleman | 14 | |
| Mortar Team | 7 | |
37 total
» upgrades
| Gunpowder | 2 | |
| Armor | 2 | |
| Lumber Harvesting | 1 | |
| Long Rifles | 1 | |
6 total
» buildings
| Altar of Kings | 1 | |
| Farm | 8 | |
| Blacksmith | 1 | |
| Barracks | 1 | |
| Scout Tower | 3 | |
| Arcane Tower | 1 | |
| Keep | 1 | |
| Arcane Vault | 1 | |
| Lumber Mill | 1 | |
| Workshop | 1 | |
| Guard Tower | 1 | |
20 total
» build order
00:03 Altar of Kings
00:05 Farm
00:47 Farm
00:58 Blacksmith
02:12 Barracks
02:17 Scout Tower
02:50 Arcane Tower
03:04 Farm
03:06 Farm
03:35 Keep
03:42 Farm
03:46 Arcane Vault
04:41 Scout Tower
04:48 Lumber Mill
05:59 Workshop
06:07 Guard Tower
06:09 Scout Tower
06:28 Farm
07:52 Farm
07:56 Farm
» items
GHETTo_rLYBORED (
pink | 49 APM | 1559 actions | 31:55)
7 Blood Mage
3 Flame Strike
3 Siphon Mana
1 Summon Phoenix
1 Dark Ranger
1 Silence
» actions
| Assign group hotkey | 68 | |
| Basic commands | 39 | |
| Build / train | 101 | |
| ESC pressed | 8 | |
| Enter build submenu | 36 | |
| Enter hero's abilities submenu | 8 | |
| Give item / drop item | 2 | |
| Remove unit from queue | 2 | |
| Right click | 625 | |
| Select / deselect | 310 | |
| Select group hotkey | 232 | |
| Use ability | 128 | |
1559 total
» units
| Peasant | 26 | |
| Footman | 5 | |
| Goblin Zeppelin | 5 | |
| Goblin Shredder | 1 | |
| Siege Engine | 3 | |
| Green Drake | 1 | |
| Green Dragon Whelp | 1 | |
42 total
» upgrades
| Masonry | 3 | |
| Lumber Harvesting | 2 | |
| Plating | 4 | |
| Gunpowder | 3 | |
| Barrage | 1 | |
| Magic Sentry | 1 | |
14 total
» buildings
| Altar of Kings | 2 | |
| Farm | 6 | |
| Barracks | 1 | |
| Arcane Vault | 1 | |
| Scout Tower | 18 | |
| Arcane Tower | 4 | |
| Keep | 1 | |
| Lumber Mill | 1 | |
| Blacksmith | 1 | |
| Town Hall | 5 | |
| Castle | 1 | |
| Guard Tower | 10 | |
| Workshop | 3 | |
| Cannon Tower | 1 | |
| Arcane Sanctum | 1 | |
56 total
» build order
00:20 Altar of Kings
00:25 Altar of Kings
00:48 Farm
00:57 Barracks
01:07 Farm
01:56 Arcane Vault
02:08 Scout Tower
02:40 Arcane Tower
03:11 Keep
03:14 Lumber Mill
03:50 Blacksmith
05:51 Scout Tower
05:52 Scout Tower
05:53 Scout Tower
05:54 Town Hall
06:18 Castle
06:23 Guard Tower
06:58 Guard Tower
07:23 Farm
07:26 Farm
07:28 Farm
08:53 Workshop
10:53 Workshop
10:54 Workshop
18:02 Guard Tower
21:39 Farm
22:52 Scout Tower
23:22 Guard Tower
23:32 Town Hall
23:48 Town Hall
24:52 Town Hall
26:59 Scout Tower
27:05 Scout Tower
27:06 Scout Tower
27:41 Scout Tower
27:41 Scout Tower
27:48 Cannon Tower
27:50 Guard Tower
27:51 Scout Tower
27:52 Scout Tower
27:57 Arcane Sanctum
28:03 Scout Tower
28:03 Scout Tower
28:03 Scout Tower
28:04 Scout Tower
28:05 Scout Tower
28:05 Scout Tower
28:10 Guard Tower
28:28 Guard Tower
28:32 Arcane Tower
28:33 Arcane Tower
28:36 Guard Tower
28:38 Arcane Tower
28:58 Guard Tower
29:02 Guard Tower
31:06 Town Hall
» items
| Lesser Clarity Potion | 4 | |
| Scroll of Regeneration | 2 | |
| Potion of Healing | 3 | |
| Potion of Mana | 1 | |
| Ivory Tower | 1 | |
| Orb of Fire | 1 | |
| Staff of Sanctuary | 1 | |
| Staff of Teleportation | 1 | |
| Boots of Speed | 1 | |
15 total
SHlTGAMES (
purple | 70 APM | 2856 actions | 40:49)
7 Mountain King
3 Storm Bolt
3 Bash
1 Avatar
» actions
| Assign group hotkey | 30 | |
| Basic commands | 63 | |
| Build / train | 156 | |
| ESC pressed | 5 | |
| Enter build submenu | 50 | |
| Enter hero's abilities submenu | 7 | |
| Give item / drop item | 1 | |
| Remove unit from queue | 1 | |
| Right click | 1341 | |
| Select / deselect | 529 | |
| Select group hotkey | 546 | |
| Use ability | 127 | |
2856 total
» units
| Peasant | 21 | |
| Footman | 7 | |
| Goblin Shredder | 1 | |
| Goblin Zeppelin | 1 | |
| Siege Engine | 6 | |
| Knight | 1 | |
37 total
» upgrades
| Masonry | 3 | |
| Swords | 3 | |
| Lumber Harvesting | 2 | |
| Armor | 3 | |
| Plating | 3 | |
| Gunpowder | 3 | |
| Barrage | 1 | |
| Flying Machine Bombs | 2 | |
| Backpack | 1 | |
| Animal War Training | 1 | |
| Defend | 1 | |
| Long Rifles | 1 | |
| Flak Cannons | 1 | |
| Fragmentation Shards | 1 | |
| Flare | 1 | |
| Magic Sentry | 1 | |
| Sorceress Training | 2 | |
| Priest Training | 2 | |
| Control Magic | 1 | |
33 total
» buildings
| Altar of Kings | 1 | |
| Barracks | 1 | |
| Farm | 11 | |
| Town Hall | 2 | |
| Arcane Vault | 1 | |
| Scout Tower | 27 | |
| Keep | 1 | |
| Lumber Mill | 1 | |
| Arcane Tower | 11 | |
| Blacksmith | 1 | |
| Guard Tower | 43 | |
| Castle | 1 | |
| Workshop | 3 | |
| Arcane Sanctum | 1 | |
105 total
» build order
00:03 Altar of Kings
00:08 Barracks
00:12 Farm
01:06 Farm
01:45 Farm
03:36 Town Hall
03:41 Arcane Vault
06:07 Scout Tower
06:09 Scout Tower
06:23 Keep
06:29 Lumber Mill
06:38 Arcane Tower
06:38 Arcane Tower
07:36 Blacksmith
07:39 Scout Tower
07:43 Scout Tower
07:48 Farm
08:52 Arcane Tower
08:52 Arcane Tower
08:54 Arcane Tower
08:54 Arcane Tower
08:58 Guard Tower
08:59 Guard Tower
09:06 Scout Tower
09:08 Scout Tower
09:37 Castle
09:38 Guard Tower
09:38 Guard Tower
12:37 Workshop
12:38 Workshop
12:41 Workshop
13:07 Scout Tower
13:08 Scout Tower
13:38 Guard Tower
13:38 Guard Tower
13:41 Guard Tower
13:41 Guard Tower
13:41 Guard Tower
16:57 Farm
16:57 Farm
17:00 Farm
17:03 Farm
17:04 Farm
17:08 Farm
17:14 Farm
18:08 Scout Tower
18:08 Scout Tower
18:09 Scout Tower
18:43 Guard Tower
18:43 Guard Tower
18:47 Guard Tower
18:48 Guard Tower
19:11 Scout Tower
19:13 Scout Tower
19:14 Scout Tower
19:25 Scout Tower
19:26 Scout Tower
19:26 Scout Tower
19:34 Scout Tower
19:35 Scout Tower
19:57 Guard Tower
19:57 Guard Tower
19:58 Guard Tower
20:13 Guard Tower
20:16 Guard Tower
20:16 Guard Tower
25:22 Town Hall
25:32 Scout Tower
25:33 Scout Tower
25:35 Scout Tower
26:09 Guard Tower
26:09 Guard Tower
26:10 Arcane Tower
26:11 Arcane Tower
27:30 Scout Tower
27:31 Scout Tower
27:34 Scout Tower
27:37 Scout Tower
27:40 Scout Tower
27:56 Guard Tower
27:56 Guard Tower
27:56 Guard Tower
27:58 Guard Tower
27:58 Guard Tower
28:00 Guard Tower
28:00 Guard Tower
28:05 Guard Tower
28:05 Guard Tower
28:06 Guard Tower
28:06 Guard Tower
28:22 Arcane Sanctum
» items
| Scroll of Regeneration | 5 | |
| Lesser Clarity Potion | 1 | |
| Boots of Speed | 1 | |
| Staff of Teleportation | 1 | |
| Orb of Fire | 1 | |
| Scroll of Town Portal | 1 | |
10 total
Chat log
(00:07 / All) UrloNegro: Orange you mirin?
(00:10 / Allies) skafil: heya
(00:15 / All) GHETTo_rLYBORED: NIGGERS
(00:17 / Allies) skafil: riflemort here
(00:21 / All) skafil: niggers aren't people
(00:27 / Allies) SHlTGAMES: shut the fuck up.
(00:34 / Allies) SHlTGAMES: nobody cares what you are making.
(00:37 / All) cYDRA.D: CONCEDE DEFEAT, AND I WILL ASSBEAT U SWIFTLY AND GENTLY
(00:38 / Allies) SHlTGAMES: you are probably a robot anyway.
(00:42 / All) GHETTo_rLYBORED: A NIGGER, AN ASIAN, AND A BRIT ARE IN A CAR, WHO IS DRIVING???
(00:44 / Allies) skafil: rofl
(00:45 / All) GHETTo_rLYBORED: THE POLICE LOLOLOL
(00:53 / All) ShreddedBrah: hahah
(01:03 / All) ShreddedBrah: clever pink
(01:06 / All) cYDRA.D: LAWL
(01:07 / All) cYDRA.D: THAT IS GOOD
(01:15 / All) cYDRA.D: I HAD TO THINK FOR A SECOND
(01:18 / Allies) skafil: k, joking aside
(01:24 / Allies) skafil: what do you guys wanna go for?
(01:25 / Allies) GHETTo_rLYBORED: tanks
(01:27 / Allies) skafil: rush or eco?
(01:28 / Allies) SHlTGAMES: How the fuck would I know what they have you god damned retard?
(01:35 / Allies) SHlTGAMES: You never go into a game with a build in mind
(01:36 / All) UrloNegro: the british are law abiding citizens that cherish their nanny state and their imported mudbloods
(01:37 / Allies) SHlTGAMES: Holy shit you are bad
(01:40 / All) cYDRA.D: MINE
(01:44 / Allies) skafil: i didn't ask what /they/ have
(01:51 / Allies) SHlTGAMES: You asked to rush or eco
(01:55 / Allies) SHlTGAMES: That depends on what they have
(01:56 / Allies) skafil: you need to have a basic plan in mind that you adjust to them
(01:59 / Allies) SHlTGAMES: Do you see a peon scouting? etc
(02:01 / All) cYDRA.D: HE WILL FEED U
(02:08 / Allies) skafil: it's 4v4rt dude
(02:08 / Allies) SHlTGAMES: No, you NEVER have a plan in mind
(02:29 / Allies) skafil: hmm
(02:30 / Allies) skafil: okay
(02:34 / Allies) skafil: i'll try it your way
(02:36 / Allies) skafil: sending scout now
(02:47 / Allies) SHlTGAMES: I see nothing from them so immediately I know that they aren't rushing
(02:59 / Allies) skafil: still, no reason to get pissed =P
(03:15 / Allies) SHlTGAMES: fuck off
(03:25 / Allies) skafil: why are you so mad
(03:26 / Allies) skafil: ?
(03:28 / All) GHETTo_rLYBORED: SO GUYS HAVE YOU EVER PLAYED WITH THIS GUY CALLED "TEELO" HE IS SUCH A DICK BACKSTABS FOR NO REASON
(03:30 / All) cYDRA.D: COME RED LETS CC THIS HSIT
(03:48 / Allies) SHlTGAMES: I'm not at all mad lol
(03:56 / All) cYDRA.D: TEELO IS AN INCREDIBLE MAN
(04:00 / Allies) GHETTo_rLYBORED: IM SORY PURPLE I THOUGHT THIS WAS A TEAM GAME
(04:08 / Allies) SHlTGAMES: It is in ordinary games
(04:49 / All) cYDRA.D: TURN OFF THE MAPHACK YELLOW
(04:58 / All) cYDRA.D: TOWER
(05:19 / All) cYDRA.D: TURNCOAT
(05:21 / All) cYDRA.D: HE IS TOWERING U
(05:42 / All) XEXOZ: DED
(05:44 / All) SHlTGAMES: HAHAHAH
(05:57 / All) ShreddedBrah: HAHAHA ITS FUNNY I KILLED ALL UR WORKERS PURP U CUNT
(06:00 / Allies) SHlTGAMES: I saw no units from oj so immediately I know that he is going t2 or t3
(06:02 / Allies) SHlTGAMES: because he only had a hero
(06:18 / All) SHlTGAMES: Yes, and at all the time you could spend creeping
(06:36 / All) SHlTGAMES: It wasn't worth it buddy
(06:43 / All) ShreddedBrah: UNFORTUNATLY MY DK ONLY COSTS 170 TO REVIVE WHILE UR 6 WORKERS COST MUCH MORE
(06:52 / All) SHlTGAMES: What about all the time you could have spent creeping buddy?
(07:03 / All) SHlTGAMES: The gold doesn't mean shit, the potential time does
(07:12 / All) SHlTGAMES: You didn't take much potential time from me
(07:31 / Allies) skafil: why are you guys fighting each other?
(07:38 / Allies) skafil: we're allies :-)
(07:40 / All) cYDRA.D: ewood
(07:40 / Allies) GHETTo_rLYBORED: its called trash talk
(07:41 / All) cYDRA.D: wood
(07:58 / All) cYDRA.D: god dammit
(08:07 / Allies) SHlTGAMES: He is going wyrms
(08:09 / Allies) SHlTGAMES: so many ziggurats
(09:40 / All) cYDRA.D: THE HERO IDIOT
(10:01 / All) SHlTGAMES: Sick reveal
(10:12 / All) SHlTGAMES: you wouldn't know what to do even if you saw my tech
(10:53 / Allies) skafil: omw
(12:14 / Allies) XEXOZ: LOL
(12:20 / All) SHlTGAMES: Your harass did absolutely nothing but cost you HP
(12:34 / All) ShreddedBrah: STFU PURP U PREACHER
(13:06 / Allies) skafil: help
(13:14 / All) UrloNegro: green is getting one rape after anotehr
(13:16 / Allies) SHlTGAMES: You wouldn't help me creep that, so I won't help you.
(13:23 / Allies) skafil: i said i was coming dude
(13:24 / Allies) SHlTGAMES: Plus you're a robot.
(13:29 / Allies) SHlTGAMES: and then you never came.
(13:32 / Allies) GHETTo_rLYBORED: lol purp
(13:35 / Allies) skafil: cuz i got attacked
(13:37 / Allies) skafil: -.;-
(13:38 / Allies) GHETTo_rLYBORED: says the guy who told me to fuck off when YOU were creeping
(13:49 / All) cYDRA.D: fucking red ur useless
(13:51 / Allies) SHlTGAMES: that was a green camp jacob
(13:52 / Allies) skafil: ty yellow
(14:00 / Allies) GHETTo_rLYBORED: orange actually
(14:04 / Allies) GHETTo_rLYBORED: green
(14:05 / Allies) GHETTo_rLYBORED: orange:
(14:14 / All) skafil: fuck you blue
(14:58 / All) UrloNegro: lol
(14:59 / All) cYDRA.D: lawl
(15:03 / All) skafil: i fucking hate you
(15:04 / All) skafil: so much
(15:10 / All) cYDRA.D: haha
(15:12 / All) UrloNegro: I tped tho bro you should be glad
(15:13 / All) cYDRA.D: green got raped by lue
(15:17 / All) UrloNegro: you got delay kill
(15:18 / All) skafil: >.<
(16:09 / All) GHETTo_rLYBORED: hey orange
(16:12 / All) SHlTGAMES: Teelo is defensive because I told him not to creep my expo with me, and then wanted help with a difficult creep camp
(16:15 / All) GHETTo_rLYBORED: your base just got SHREDDED BRUH
(16:34 / All) GHETTo_rLYBORED: who the fuck is teelo?
(16:40 / All) UrloNegro: That double BM kill was sick
(16:41 / All) SHlTGAMES: Good question buddy
(16:43 / All) UrloNegro: where we killed each other
(16:46 / All) UrloNegro: I tped tho I thought
(16:55 / All) UrloNegro: just before the flamestrike went off
(17:06 / All) UrloNegro: don't know if it was delay or just didn't go thruy
(18:07 / All) cYDRA.D: LAWL
(18:09 / All) cYDRA.D: I AM A HOMO
(19:21 / All) cYDRA.D: lawl
(19:36 / All) GHETTo_rLYBORED: hey red
(19:44 / All) GHETTo_rLYBORED: if only there was a tavern next to your base I could red my hero at
(19:47 / All) GHETTo_rLYBORED: OH WAIT THERE IS LOL
(19:59 / All) cYDRA.D: FUCK U VOTE OBAMA 2012
(20:03 / All) SHlTGAMES: Why are you so mad orange?
(20:08 / All) SHlTGAMES: You're awful at the game, get better
(20:10 / All) SHlTGAMES: no need to be upset
(20:21 / All) ShreddedBrah: TEAL TK'D ME U CUNT
(20:41 / All) cYDRA.D: "HE IS TK ME"
(21:00 / All) UrloNegro: YOU ARE BANNED FOR IT - red
(21:01 / All) ShreddedBrah: TEAL WHY R U WASTING UR TIME ON THIS GAME U FUCKIN HARD CUNT
(21:11 / All) UrloNegro: Chill out brah
(21:17 / All) cYDRA.D: JUST LEAVE ME ALONE ORANGE
(21:23 / All) ShreddedBrah: FUCK U CUNT
(21:25 / All) lannie: fuck off teal
(21:29 / All) SHlTGAMES: What's wrong orange?
(21:31 / All) lannie: i will have you banned for it
(21:34 / All) cYDRA.D: LAWL
(21:38 / All) cYDRA.D: I AM BLIZZARD EMPLOYEE
(21:39 / All) lannie: i work for blizzard idiot
(21:49 / All) lannie: i am so del with it
(21:50 / All) SHlTGAMES: Reported for impersonating a blizzard employee
(21:53 / All) ShreddedBrah: 10 K GOLD U FUCKIN NOOB
(21:57 / All) lannie: if you are you will also be fired
(22:03 / All) UrloNegro: 10k gold is good bro
(22:07 / All) cYDRA.D: ORANGE AND RED ARE PISSED
(22:08 / All) cYDRA.D: LAWL
(22:11 / All) UrloNegro: you suck if you got like 0 gold
(22:12 / All) SHlTGAMES: I can tell
(22:15 / All) UrloNegro: I got 10k gold I'm a banksta
(22:21 / All) UrloNegro: DAMN IT FEELS GOOD TO BE A BANKSTA
(22:44 / All) SHlTGAMES: Hello red.
(22:46 / All) ShreddedBrah: teal can u stop seriously
(22:49 / All) ShreddedBrah: plz dude
(22:54 / All) lannie: stfu
(23:00 / All) lannie: and kill teal
(23:04 / All) SHlTGAMES: I refuse.
(23:05 / All) ShreddedBrah: im out
(23:06 / All) cYDRA.D: NO WOOD FOR RED
(23:07 / All) cYDRA.D: LAWL
(23:23 / All) lannie: you are gone teal
(23:25 / All) ShreddedBrah: what a fuckin dumbass
(23:28 / All) cYDRA.D: HOW AM I GONE RED
(23:30 / All) cYDRA.D: I AM VERY MUCH ALIVE
(23:35 / All) lannie: have fun just watching porn from now on
(24:23 / All) UrloNegro: CHILL OUT BRO
(24:25 / All) UrloNegro: I GOT 2 DRAGONS
(24:29 / All) SHlTGAMES: Red, you have been reported for impersonating Blizzard. Have fun getting banned from all Blizzard games on your Battle.net
(24:31 / All) SHlTGAMES: account.
(24:32 / All) UrloNegro: WHEN I GET 10 DRAGONS WE WILL WIN
(24:32 / All) GHETTo_rLYBORED: what do you guys want me to do now
(24:50 / All) cYDRA.D: RED ILL GIVE U GOLD
(24:52 / All) cYDRA.D: IM SORRY MA
(24:56 / All) cYDRA.D: I THOUGHT UW ERE ENEMY
(25:20 / All) UrloNegro: I killed a deer
(25:22 / All) ShreddedBrah: ive never seen anyone with 12 k gold
(25:25 / All) UrloNegro: Meat is back on the menu, boys
(25:28 / All) ShreddedBrah: what a hard cunt
(25:31 / All) UrloNegro: That's nothing
(25:33 / All) UrloNegro: I've had 300k
(25:43 / All) GHETTo_rLYBORED: ive got 10k lol
(25:46 / All) cYDRA.D: i give red control
(25:47 / All) UrloNegro: two deer
(26:09 / All) ShreddedBrah: no way uve had 300k gold at one time
(26:16 / All) SHlTGAMES: He did, it was on Friends
(26:16 / All) UrloNegro: On friends
(26:40 / All) ShreddedBrah: how would u know u negro cunt
(26:47 / All) SHlTGAMES: I DON'T KNOW LOL
(27:00 / All) SHlTGAMES: Have you still not figured it out?
(27:01 / All) ShreddedBrah: pink is absolute shit
(27:11 / All) SHlTGAMES: We raped you 2v4.
(27:25 / All) ShreddedBrah: haha if i woudlve attacked u i woudlve won
(27:25 / All) SHlTGAMES: You sucked ass, lost your DK at the start for an unfair trade, almost lost it against and costed 70% of its HP for nothing.
(27:33 / All) ShreddedBrah: stupid asss teal tk'd me and red
(27:46 / All) SHlTGAMES: I would have raped you with tanks.
(27:49 / All) SHlTGAMES: I had them waiting.
(27:51 / All) ShreddedBrah: who cares if i lost a lvl 1 dk dumbass
(27:52 / All) SHlTGAMES: and lvl 3 bolt.
(28:02 / All) ShreddedBrah: i had a lvl 5 dk b4
(28:11 / All) SHlTGAMES: Oh? I have never seen a lvl 5 DK before!
(28:14 / All) SHlTGAMES: You must be hot shit.
(28:18 / All) GHETTo_rLYBORED: I have had a level 5 dick before too
(28:19 / All) GHETTo_rLYBORED: wait what
(28:40 / All) cYDRA.D: i gave oragne control he is killing my base
(28:48 / All) UrloNegro: YOU DUMBASS ORANGE
(28:51 / All) UrloNegro: WE'RE GONNA LOSE NOW
(28:52 / All) SHlTGAMES: How mad you are bro? How mad you are?
(28:54 / All) GHETTo_rLYBORED: TEAL HOW DARE YOU, NOW I HAVE TO TOWER UP MY EXPOS!!
(28:54 / All) UrloNegro: I ONLY HAVE 2 DRAGONS
(29:00 / All) UrloNegro: I NEED 8 MORE BEFORE WE CAN WIN
(29:01 / All) UrloNegro: THANX
(29:03 / All) UrloNegro: THANKS A LOT
(29:05 / All) UrloNegro: THERE GOES MY RECORD
(29:15 / All) UrloNegro: IT'S THANKS TO NOOBS LIKE YOU THAT I DON't HAVE A PERFECT RECORD
(29:44 / All) ShreddedBrah: go to hell teal
(29:47 / All) UrloNegro: guys no attacking for 2 hours
(29:51 / All) UrloNegro: so I can get 10 dragons
(29:54 / All) UrloNegro: thanks
(30:04 / All) cYDRA.D: should i go swimming or eat or watch a movie?
(30:04 / All) UrloNegro: I had tks on my team it's only fair
(30:05 / All) cYDRA.D: im not sure
(30:06 / All) cYDRA.D: which
(30:17 / All) cYDRA.D: ill watch fellowship of the ring
(30:20 / All) SHlTGAMES: You're a whale so go to the aquarium where you belong.
(30:25 / All) cYDRA.D: lawl
(30:39 / All) cYDRA.D: my mom not like it when people call me a whale
(30:53 / All) UrloNegro: Watch Coriolanus
(30:55 / All) SHlTGAMES: Do people call you that often in real life?
(31:00 / All) SHlTGAMES: Does your mom give them a stern talking to?
(31:08 / All) cYDRA.D: am i a whale to you, orange and red?
(31:19 / All) ShreddedBrah: red u still here?
(31:20 / All) SHlTGAMES: He weights 500lbs.
(31:33 / All) lannie: i was using teal till you killed him noob
(31:41 / All) SHlTGAMES: Which team gets the loss?
(31:46 / All) GHETTo_rLYBORED: OMG PURP HAS 26K GOLD WHAT A FUCKING NOOB
(31:47 / All) cYDRA.D: orange duh
(32:02 / All) SHlTGAMES: Shall I assist in the killing of your base, Bob?
(32:09 / All) cYDRA.D: yes
(32:09 / All) UrloNegro: Aight
(32:15 / All) cYDRA.D: im gonna eat
(32:22 / All) ShreddedBrah: omfg
(33:06 / All) SHlTGAMES: AMOVEAMOVEAMOVE TANKS TAKE SO MUCH MICRO
(33:15 / All) UrloNegro: you are good bro
(33:18 / All) UrloNegro: you are raping my base with ease
(33:27 / All) UrloNegro: tanks talented
(33:50 / All) UrloNegro: I'm hunting
(33:56 / All) UrloNegro: my dragons need to eat
(34:23 / All) ShreddedBrah: blue lemee control u
(34:29 / All) UrloNegro: why
(34:33 / All) SHlTGAMES: You can't sell him any mind control pills.
(34:34 / All) ShreddedBrah: i wanna kill pink
(34:44 / All) UrloNegro: why
(34:51 / All) ShreddedBrah: to end the game?
(34:57 / All) ShreddedBrah: why do u wanna sit here for hours?
(35:03 / All) UrloNegro: we are losing brah
(35:12 / All) ShreddedBrah: no we got this
(35:18 / All) UrloNegro: u mad?
(35:25 / All) SHlTGAMES: He is fucking mad.
(35:51 / All) UrloNegro: u mirin my dragons?
(36:26 / All) UrloNegro: orange u mirin?
(36:33 / All) ShreddedBrah: get more dragons
(36:43 / All) UrloNegro: they have a cooldown bro u mad/
(36:44 / All) ShreddedBrah: get some drakes too
(36:51 / All) UrloNegro: drakes aren;t any good
(37:12 / All) UrloNegro: they wouldn't eat the peons
(37:23 / All) ShreddedBrah: its bad for their diet i know
(37:33 / All) SHlTGAMES: Any last words orange?
(37:34 / All) SHlTGAMES: and red?
(37:38 / All) UrloNegro: human flesh is a delicacy for all species
(37:52 / All) SHlTGAMES: guess not :(
(38:19 / All) SHlTGAMES: thought nigger flamechamp had his base queued up
(38:21 / All) ShreddedBrah: get a pheonix
(38:34 / All) UrloNegro: u mirin my phoenix now?
(38:38 / All) ShreddedBrah: so elegant
(38:57 / All) ShreddedBrah: u dont even know zyzz
(39:07 / All) UrloNegro: he died of a heartattack
(39:13 / All) UrloNegro: too much steroids and anal sex
(39:18 / All) ShreddedBrah: OH YEAH CUNT WHATS HIS MIDDLE NAME?
(39:32 / All) UrloNegro: Zyzz "anal sex" zyzz
(39:37 / All) ShreddedBrah: YEAH
(39:42 / All) SHlTGAMES: Orange, we are uploading this replay at highper.ch so that we can all laugh at you
(39:48 / All) ShreddedBrah: NICE
(39:51 / All) SHlTGAMES: Your family name is disgraced
(40:02 / All) ShreddedBrah: SO ALL THOSE HARD CUNTS CAN MIRE MY AESTHETICS
(40:14 / All) SHlTGAMES: Thanks for making this an amazing game
(40:18 / All) SHlTGAMES: you mad it truely entertaining.
(40:27 / All) UrloNegro: nice slip
(40:29 / All) UrloNegro: because he mad
(40:45 / All) UrloNegro: but he mirin my dragons too